 Dungeon Crawl Stone Soup version 0.30-a0-867-g305f33218d (webtiles) character file.

Game seed: 1227536623095106235

86 Dittersdorf the Trooper (level 4, 0/29 HPs)
             Began as a Gargoyle Fighter on Mar 10, 2023.
             Slain by a goblin
             ... wielding a +0 club
             ... led by Robin
              (5 damage)
             ... on level 2 of the Dungeon.
             The game lasted 00:03:39 (1689 turns).

Dittersdorf the Trooper (Gargoyle Fighter)          Turns: 1689, Time: 00:03:39

Health: 0/29       AC: 12    Str: 22    XL:     4   Next: 50%
Magic:  4/4        EV:  9    Int:  8    God:
Gold:   128        SH:  4    Dex:  9    Spells: 3/3 levels left

rFire   . . .      SeeInvis .    a - +0 flail
rCold   . . .      Faith    .    c - +0 buckler
rNeg    + . .      Spirit   .    b - +0 scale mail
rPois   ∞          Reflect  .    (no helmet)
rElec   +          Rampage  .    (no cloak)
rCorr   .                        (no gloves)
Will    .....                    n - +1 pair of boots Stlth
                                 (no amulet)
HPRegen 0.24/turn                (no ring)
MPRegen 0.09/turn                (no ring)

@: no status effects
A: sickness immunity, AC +3, negative energy resistance 1, electricity
resistance, torment resistance 1, petrification resistance
a: no special abilities


You were on level 2 of the Dungeon.
You visited 1 branch of the dungeon, and saw 2 of its levels.

You collected 128 gold pieces.

Inventory:

Hand Weapons
 a - a +0 flail (weapon)
Missiles
 f - 6 curare-tipped darts (quivered)
Armour
 b - a +0 scale mail (worn)
 c - a +0 buckler (worn)
 n - a +1 pair of boots (worn)
Scrolls
 h - a scroll of fog {unknown}
 k - 4 scrolls of identify {unknown}
 l - a scroll of vulnerability {unknown}
 p - a scroll of fear {unknown}
 q - a scroll of immolation {unknown}
Potions
 d - 2 potions of might
 e - 2 potions of mutation {unknown}
 g - a potion of degeneration {unknown}
 i - 2 potions of curing {unknown}
 j - a potion of invisibility {unknown}
 m - a potion of berserk rage {unknown}
 o - a potion of ambrosia {unknown}


   Skills:
 + Level 4.0 Fighting
 + Level 2.9 Maces & Flails
 + Level 3.9 Armour
 + Level 4.0 Shields


You had 3 spell levels left.
You didn't know any spells.
Your spell library contained the following spells:

 Spells                   Type           Power      Damage    Failure   Level
 Freeze                   Ice            0%         1d3       82%         1
 Shock                    Conj/Air       0%         1d3       82%         1
 Frozen Ramparts          Ice            0%         1d1       99%         3
 Hailstorm                Conj/Ice       0%         3d3       99%         3
 Swiftness                Air            0%         N/A       99%         3
 Airstrike                Air            0%         2d(0-16)  100%        4
 Dispel Undead            Necr           0%         3d6       100%        4
 Death Channel            Necr           0%         N/A       100%        6
 Cigotuvi's Dreadful Rot  Necr/Pois/Air  Unusable   N/A       N/A         2

Dungeon Overview and Level Annotations

Branches:
Dungeon (2/15)

Altars:

Shops:
D:1 *

Annotations:
D:2 Robin


Innate Abilities, Weirdness & Mutations

You are immune to sickness and miasma.
Your stone body is resilient. (AC +3)
You are immune to poison.
You resist negative energy. (rN+)
You are resistant to electric shocks. (rElec)
You are resistant to unholy torment.
You are immune to petrification.


Message History

You are too injured to fight recklessly!
You are too injured to fight recklessly!
You are too injured to fight recklessly!
You sock the goblin!
You kill the goblin!
The goblin barely misses you.
A gnoll comes into view. It is wielding a +0 club.
Robin barely misses you. The goblin hits you but does no damage.
You closely miss the gnoll.
The gnoll shouts!
The gnoll hits you but does no damage. Robin closely misses you.
You block the goblin's attack. The goblin hits you but does no damage.
You hit the gnoll.
The gnoll is moderately wounded.
The gnoll barely misses you. Robin closely misses you.
The goblin barely misses you. The goblin closely misses you.
You closely miss the gnoll.
The gnoll is moderately wounded.
You block Robin's attack. The gnoll hits you with a +0 club.
The goblin hits you with a +0 dagger.
* * * LOW HITPOINT WARNING * * *
The goblin barely misses you.
A gnoll comes into view. It is wielding a +0 flail.
The gnoll hits you with a +0 club.
* * * LOW HITPOINT WARNING * * *
The goblin barely misses you. The goblin hits you with a +0 dagger.
* * * LOW HITPOINT WARNING * * *
You barely miss the gnoll.
The gnoll is moderately wounded.
The gnoll closely misses you. Robin hits you but does no damage.
You block the goblin's attack. The goblin hits you but does no damage.
You closely miss the gnoll.
The gnoll is moderately wounded.
The gnoll hits you but does no damage. The goblin closely misses you.
The goblin barely misses you.
You hit the gnoll.
The gnoll is severely wounded.
The gnoll hits you but does no damage. You block the goblin's attack.
The goblin hits you with a +0 club.
You die...

#.#. .. ## #.#.
..#. # #.#.
.#.###
####.#.#. .....
......#.##
#...# .##.#
#.PP.. #...#
.... ..!.♣...
#.gg###.#
###..♣PP.
#=.@ggg.# #♣
♣♣.. ♣♣♣♣g#..#
♣..
...♣♣P♣♣.#..#
♣♣.
.........#..#
♣P..
...♣P..♣....#
♣PP# ♣♣♣♣♣.##.#
♣...# #.##.#
♣P.## #.##.# ♣.
#
#.##.######.P.#
#


You could see Robin, 3 gnolls and 2 goblins.

Vanquished Creatures
  A gnoll (D:2)
  An adder (D:2)
  A worm (D:2)
  3 dart slugs
  3 ball pythons
  6 bats
  8 endoplasms
  9 goblins
  4 hobgoblins
  7 jackals (D:2)
  A quokka (D:2)
  2 frilled lizards (D:1)
  5 kobolds
  3 rats (D:1)
54 creatures vanquished.

Vanquished Creatures (others)
  2 plants (D:2)
2 creatures vanquished.

Grand Total: 56 creatures vanquished

Notes
Turn   | Place    | Note
-------+----------+-------------------------------------------
     0 | D:1      | Dittersdorf the Gargoyle Fighter began the quest for the
                  | Orb.
     0 | D:1      | Reached XP level 1. HP: 14/14 MP: 1/1
   163 | D:1      | Reached XP level 2. HP: 19/19 MP: 2/2
   200 | D:1      | Found Ganevor's General Store.
   539 | D:1      | Reached XP level 3. HP: 24/24 MP: 3/3
  1524 | D:2      | Reached XP level 4. HP: 28/29 MP: 4/4
  1664 | D:2      | Noticed Robin
  1689 | D:2      | Slain by a goblin

Illustrated notes

Levels and vault maps discovered:
D:1:      denvon_arrival_planthouse, layout_loops_corners, serial_shops,
          nicolae_diamond_shop, feat_on_display
D:2:      layout_basic, serial_shops, nicolae_shop_behind_doors, serial_forest,
          infiniplex_forest_straight_4, infiniplex_forest_lined_2,
          infiniplex_forest_clump_small, infiniplex_forest_clump_long,
          infiniplex_forest_end_3, infiniplex_forest_zigzag_1,
          infiniplex_forest_lined_ring, infiniplex_forest_corner_2, uniq_robin

Skill      XL: |  1  2  3  4 |
---------------+-------------+-----
Fighting       | 4 |  4.0
Shields        | 4 |  4.0
Maces & Flails | |  2.9
Armour         | |  3.9

Action                     |  1- 3 |  4- 6 || total
---------------------------+-------+-------++-------
  Melee: Flail             |   112 |    40 ||   152
 Armour: Scale mail        |    72 |    33 ||   105
  Dodge: Dodged            |    56 |    28 ||    84
  Block: Buckler           |    21 |    14 ||    35

Table legend: (Time is in decaauts)
 A = Elapsed time spent in this place.
 B = Non-inter-level travel time spent in this place.
 C = Inter-level travel time spent in this place.
 D = Time resting spent in this place.
 E = Time spent auto-exploring this place.
 F = Levels seen in this place.
 G = Mean time per level.
                   A        B        C        D        E       F      G
               +--------+--------+--------+--------+--------+-----+--------+
         Total |   1736 |   1715 |     21 |      0 |   1337 |   2 |  868.0 |
       Dungeon |   1736 |   1715 |     21 |      0 |   1337 |   2 |  868.0 |
               +--------+--------+--------+--------+--------+-----+--------+

Top non-repeatable levels by time:
     D:1: 1155 daAuts
     D:2: 580 daAuts
